 Dungeon Crawl Stone Soup version 0.20.1-1-g8b1a95d (webtiles) character file.

2920 witty the Insei (level 9, -1/81 (82) HPs)
             Began as a Naga Transmuter on July 31, 2017.
             Was a Follower of Cheibriados.
             Slain by a two-headed ogre
             ... wielding a +0 giant spiked club
              (30 damage)
             ... on level 8 of the Dungeon.
             The game lasted 00:17:04 (8311 turns).

witty the Insei (Naga Transmuter)                   Turns: 8311, Time: 00:17:05

HP:   -1/81 (82)    AC:  5    Str: 17    XL:     9   Next: 79%
MP:   12/13         EV: 23    Int: 16    God:    Cheibriados [*.....]
Gold: 403           SH:  0    Dex: 22    Spells: 10/14 levels left

rFire    . . .     SeeInvis +     - Unarmed
rCold    . . .     Gourm    .   (shield currently unavailable)
rNeg     . . .     Faith    .   (armour currently unavailable)
rPois    x         Spirit   .   (helmet currently unavailable)
rElec    .         Reflect  .   (cloak currently unavailable)
rCorr    +         Harm     .   (gloves currently unavailable)
MR       +....                  (no barding)
Stlth    +++.......             (no amulet)
Regen    0.3/turn               k - +3 ring of protection
MPRegen  0.2/turn               s - ring of resist corrosion

@: spider-form, very slow
A: see invisible, slow metabolism 1, spit poison 1, AC +3
a: Spit Poison, End Transformation, Bend Time, Renounce Religion


You were on level 8 of the Dungeon.
You worshipped Cheibriados.
Cheibriados was aware of your devotion.
You were very hungry.
You were a venomous arachnid creature.
You visited 2 branches of the dungeon, and saw 9 of its levels.

You collected 403 gold pieces.

Inventory:

Missiles
 a - 95 arrows
Armour
 b - a +0 robe
 y - a scarf of repulsion (melded)
 z - the cursed +1 leather armour of Pathos (melded) {Int+3}
   (You found it on level 4 of the Dungeon)

   It affects your intelligence (+3).
   It has a curse placed upon it.
 C - a +0 cloak
 G - the +9 plate armour of Objectivity {rN++ Regen+ SInv Stlth-, unknown}
   (You found it on level 6 of the Dungeon)

   It greatly protects you from negative energy.
   It lets you see invisible.
   It increases your rate of regeneration.
   It makes you less stealthy.
Jewellery
 g - an uncursed ring of protection from fire
 k - a +3 ring of protection (left front leg)
 s - a ring of resist corrosion (right front leg)
 E - an uncursed ring of see invisible {unknown}
Wands
 r - a wand of confusion (24/48)
 v - a wand of paralysis (11/24)
 w - a wand of polymorph (11/24)
 x - a wand of flame (12/48)
 D - a wand of random effects (33/48)
 H - a wand of paralysis (14/24)
Scrolls
 e - 2 scrolls of fear
 j - 4 scrolls of remove curse
 u - a scroll of enchant weapon
 B - a scroll of teleportation
 F - a scroll of amnesia
 I - a scroll of identify
Potions
 f - 2 potions of brilliance
 h - 3 potions of mutation
 i - 3 potions of curing
 l - 3 potions of might {unknown}
 n - 2 potions of haste {unknown}
 o - 2 potions of berserk rage {unknown}
 t - a potion of ambrosia {unknown}
 A - a potion of heal wounds {unknown}
Books
 c - a book of Changes

   Spells                             Type                      Level
   a - Beastly Appendage              Transmutation                1
   b - Sticks to Snakes               Transmutation                2
   c - Spider Form                    Transmutation/Poison         3
   d - Ice Form                       Ice/Transmutation            4
   e - Blade Hands                    Transmutation                5
 J - a book of Party Tricks

   Spells                             Type                      Level
   a - Summon Butterflies             Summoning                    1
   b - Apportation                    Translocation                1
   c - Lesser Beckoning               Translocation                3
   d - Tukima's Dance                 Hexes                        3
   e - Alistair's Intoxication        Transmutation/Poison         5
   f - Invisibility                   Hexes                        6
Comestibles
 d - 4 bread rations
 m - 2 royal jellies
 p - 2 meat rations
 q - 7 fruits


   Skills:
 + Level 6.2 Fighting
 + Level 3.9 Dodging
 + Level 4.0 Stealth
 + Level 6.9 Unarmed Combat
 - Level 3.0 Spellcasting
 + Level 6.1 Transmutations
 - Level 5.6 Poison Magic
 + Level 2.9 Invocations


You had 10 spell levels left.
You knew the following spells:

 Your Spells              Type           Power        Failure   Level  Hunger
a - Beastly Appendage     Tmut           ###...       7%          1    #......
b - Spider Form           Tmut/Pois      ###.......   14%         3    ###....


Dungeon Overview and Level Annotations

Branches:
Dungeon (8/15)             Temple (1/1) D:5
   Lair: D:8-11

Altars:
Ashenzari
Cheibriados
Fedhas
Gozag
Hepliaklqana
Kikubaaqudgha
Makhleb
Nemelex Xobeh
Okawaru
Qazlal
Ru
Sif Muna
Trog
Uskayaw
Xom
Yredelemnul
Zin

Shops:
D:6 ?


Innate Abilities, Weirdness & Mutations

You cannot wear boots.
((Your serpentine skin is tough. (AC +3)))
You have supernaturally acute eyesight. (SInv)
((Armour fits poorly on your strangely shaped body.))
((Your system is resistant to poisons. (rPois)))
((You cover ground very slowly.))
You have a slow metabolism.
You can spit poison.


Message History

The two-headed ogre looks as sick as possible!
The two-headed ogre is moderately wounded.
The two-headed ogre hits you with a giant spiked club!
The two-headed ogre misses you.
You hit the two-headed ogre but do no damage.
The two-headed ogre looks as sick as possible!
The two-headed ogre is moderately wounded.
You hit the two-headed ogre.
The two-headed ogre is moderately wounded.
The two-headed ogre barely misses you. x2
You hit the two-headed ogre.
The two-headed ogre looks as sick as possible!
The two-headed ogre is heavily wounded.
The two-headed ogre misses you.
The two-headed ogre completely misses you.
You bite the two-headed ogre!
The two-headed ogre looks as sick as possible!
The two-headed ogre is severely wounded.
The two-headed ogre hits you with a giant spiked club!!
You die...

###### ....(...##....######
........##.........# ###
........##.........####.#
........##..............#
.........#...........##.###
.........#...........##....
.........#s..........##.###
.........O..............# #
.......#................# #
.......#................# # ....
.......#................# # ....
...........[.............# #
..###$...##.............(.....###
......... #........##..........##
......... #........##.........###


You could see a two-headed ogre.

Vanquished Creatures
  Grinder (D:6)
  A hippogriff (D:7)
  Menkaure (D:7)
  3 sky beasts
  A black bear (D:3)
  5 ogres
  2 necrophages
  2 centaurs (D:7)
  A big kobold (D:8)
  A bullfrog (D:7)
  2 scorpions
  5 wights
  A howler monkey (D:6)
  A crimson imp (D:8)
  Crazy Yiuf (D:5)
  A bullfrog zombie (D:5)
  3 hounds
  A jelly (D:5)
  An orc priest (D:5)
  3 iguanas
  5 orc wizards
  4 worker ants
  2 hound zombies
  A hound skeleton (D:6)
  3 gnolls (D:4)
  A howler monkey skeleton (D:7)
  A worker ant zombie (D:8)
  8 adders
  A shadow imp (D:7)
  An adder zombie (D:7)
  2 worms
  A dart slug (D:2)
  5 leopard geckos
  12 orcs
  A ball python (D:3)
  7 bats
  6 giant cockroaches
  9 hobgoblins
  6 jackals
  13 kobolds
  7 quokkas
  6 frilled lizards
  10 goblins
  A leopard gecko skeleton (D:4)
  A leopard gecko zombie (D:7)
  7 rats
  A bush (D:5)
159 creatures vanquished.

Notes
Turn   | Place    | Note
-------+----------+-------------------------------------------
     0 | D:1      | witty the Naga Transmuter began the quest for the Orb.
     0 | D:1      | Reached XP level 1. HP: 18/18 MP: 3/3
   152 | D:1      | Reached XP level 2. HP: 15/25 MP: 5/5
   998 | D:2      | Reached XP level 3. HP: 28/32 MP: 4/6
  2195 | D:2      | Reached XP level 4. HP: 26/39 MP: 7/7
  2381 | D:2      | Learned a level 3 spell: Spider Form
  2739 | D:3      | Noticed a black bear
  2984 | D:4      | Got a translucent leather armour
  2995 | D:4      | Identified the cursed +1 leather armour of Pathos {Int+3} (You found it on level 4 of the Dungeon)
  3032 | D:4      | Noticed an ogre
  3080 | D:3      | Reached skill level 1 in Poison Magic
  3171 | D:3      | Found a faded altar of an unknown god.
  3316 | D:3      | Reached XP level 5. HP: 46/46 MP: 8/8
  3336 | D:3      | Killed a black bear
  3530 | D:3      | Killed an ogre
  3530 | D:3      | Reached XP level 6. HP: 40/56 MP: 5/9
  3953 | D:4      | Found a shattered altar of Ashenzari.
  3985 | D:4      | Reached XP level 7. HP: 28/63 MP: 8/10
  4339 | D:5      | Entered Level 5 of the Dungeon
  4350 | D:5      | Reached skill level 5 in Unarmed Combat
  4845 | D:5      | Found a staircase to the Ecumenical Temple.
  4992 | D:5      | Reached XP level 8. HP: 55/73 MP: 8/11
  5379 | D:5      | Reached skill level 5 in Poison Magic
  5626 | D:5      | Found a runed door.
  5630 | D:5      | Noticed Crazy Yiuf
  5637 | D:5      | Killed Crazy Yiuf
  5906 | D:6      | Reached skill level 5 in Fighting
  5906 | D:6      | Reached skill level 5 in Transmutations
  5928 | D:6      | Found Zuodifil's Magic Scroll Shoppe.
  5951 | D:6      | Got a pitted plate armour
  5977 | D:6      | Noticed Grinder
  5992 | D:6      | Killed Grinder
  6523 | D:6      | Reached XP level 9. HP: 78/81 MP: 9/13
  6670 | D:6      | Found a blossoming altar of Fedhas.
  6670 | D:6      | Found a deep blue altar of Sif Muna.
  6734 | Temple   | Entered the Ecumenical Temple
  6791 | Temple   | Became a worshipper of Cheibriados the Contemplative
  6861 | D:7      | Noticed Menkaure
  6877 | D:7      | Killed Menkaure
  6877 | D:7      | Reached skill level 1 in Stealth
  7060 | D:7      | Reached skill level 1 in Invocations
  7125 | D:7      | Reached * piety under Cheibriados
  7963 | D:8      | Found an opulent altar of Gozag.
  8048 | D:8      | Found a basalt altar of Yredelemnul.
  8295 | D:8      | Noticed a two-headed ogre
  8311 | D:8      | Slain by a two-headed ogre

Skill      XL: |  1  2  3  4  5  6  7  8  9 |
---------------+----------------------------+-----
Fighting       | 2 3 4 5 6 |  6.2
Poison Magic   | 1 3 4 5 |  5.6
Unarmed Combat | 4 5 6 |  6.9
Transmutations | 3 4 5 6 |  6.1
Dodging        | 3 |  3.9
Spellcasting   | 3 |  3.0
Stealth        | 4 |  4.0
Invocations    | 2 |  2.9

Action                   |  1- 3 |  4- 6 |  7- 9 || total
-------------------------+-------+-------+-------++-------
Melee: Unarmed           |   130 |   150 |   393 ||   673
       Headbutt          |     2 |     2 |       ||     4
       Punch             |       |     1 |     1 ||     2
 Cast: Beastly Appendage |    12 |     4 |       ||    16
       Spider Form       |       |     8 |    39 ||    47
 Abil: Spit Poison       |    11 |     6 |       ||    17
  Use: Scroll            |     8 |     4 |     2 ||    14
 Stab: Sleeping          |     2 |       |     8 ||    10
  Eat: Chunk             |     4 |     6 |     9 ||    19
       Meat ration       |       |       |     1 ||     1
Armor: Robe              |    40 |    14 |       ||    54
       Leather armour    |       |    39 |    30 ||    69
       Skin              |       |     8 |    30 ||    38
Dodge: Dodged            |    95 |   123 |   272 ||   490
       Deflected         |       |       |     1 ||     1
